Detroit Red Wings vs Washington Capitals
Created - Tuesday, May 9, 2023 at 07:00
Goals
|
| Detroit Red Wings |
1 |
1 |
0 |
2 |
| Washington Capitals |
2 |
2 |
0 |
4 |
|
Shots
|
| Detroit Red Wings |
12 |
19 |
9 |
40 |
| Washington Capitals |
6 |
10 |
5 |
21 |
|
1st period
1. Washington Capitals , Patrick Kane 27 (Brayden Point 35, Erik Cernak 13) at 0:19
2. Washington Capitals , Jason Robertson 12 (Brad Marchand 21, Connor Murphy 9) at 0:35
3. Detroit Red Wings , Jonathan Huberdeau 20 (Auston Matthews 29) at 5:05
Penalties :
Erik Cernak (WSH) for Roughing (Minor) at 5:10, Erik Cernak (WSH) for Hooking (Minor) at 9:56
2nd period
4. Detroit Red Wings , Jonathan Huberdeau 21 (Auston Matthews 30) at 2:50
5. Washington Capitals , Patrick Kane 28 (John Carlson 28, Brayden Point 36) at 14:54
6. Washington Capitals , Brayden Point 24 (Patrick Kane 39, Nikita Zaitsev 10) at 19:16 (PP)
Penalties :
Erik Cernak (WSH) for Hooking (Minor) at 3:00, Connor Murphy (WSH) for Hooking (Minor) at 9:11, Sean Couturier (DET) for Tripping (Minor) at 19:05
3rd period
No Goal
Penalties :
Brad Marchand (WSH) for Roughing (Minor) at 7:05, Ian Cole (WSH) for Holding (Minor) at 11:19
Goalie Stats
Sergei Bobrovsky (DET), 12 saves from 16 shots - (0.750), L, 10-11-0, 39:16 minutes
Semyon Varlamov (DET), 5 saves from 5 shots - (1.000), 20:44 minutes
Jake Oettinger (WSH), 38 saves from 40 shots - (0.950), W, 26-15-1, 60:00 minutes
Players Stats for Detroit Red Wings
Player Name G A P +/- PIM S H SB GA TA FO MP PP MP PK MP
------------------------------------------------------------------------------------
Arthur Kaliyev 0 0 0 1 0 0 2 1 0 0 0/1 14:55 0:00 0:00
Auston Matthews 0 2 2 1 0 9 2 0 0 0 21/32 21:41 6:01 0:02
Brock Nelson 0 0 0 0 0 4 2 0 1 1 2/5 16:20 6:01 0:02
Daniel Sprong 0 0 0 0 0 1 2 0 0 0 0/0 10:17 0:00 0:00
Jamie Drysdale 0 0 0 1 0 0 2 0 0 0 0/0 20:41 5:13 0:00
Jared McCann 0 0 0 -2 0 1 6 0 1 0 1/2 18:32 5:53 0:00
Jason Spezza 0 0 0 0 0 0 0 0 1 0 2/3 9:55 0:00 0:09
Jason Zucker 0 0 0 0 0 2 0 0 0 1 0/0 9:48 0:00 0:00
Jonathan Huberdeau 2 0 2 1 0 7 3 0 0 0 1/1 21:39 6:01 0:00
Keith Yandle 0 0 0 1 0 1 0 0 0 0 0/0 11:46 0:00 0:00
Kris Letang 0 0 0 -1 0 5 2 2 0 0 0/0 26:04 6:41 0:11
MacKenzie Weegar 0 0 0 -1 0 0 2 1 0 0 0/0 24:45 6:41 0:11
Michael Del Zotto 0 0 0 -1 0 0 1 0 1 0 0/0 14:34 0:00 0:00
Mika Zibanejad 0 0 0 -2 0 4 4 0 1 0 9/16 18:41 5:53 0:09
Nick Ritchie 0 0 0 0 0 0 3 0 0 0 0/0 9:40 0:00 0:00
Sean Couturier 0 0 0 -2 2 3 2 0 1 0 0/0 18:40 5:53 0:00
Shayne Gostisbehere 0 0 0 -1 0 2 1 0 1 0 0/0 22:10 5:13 0:00
Tyler Ennis 0 0 0 0 0 1 0 0 0 0 0/0 9:40 0:00 0:00
Players Stats for Washington Capitals
Player Name G A P +/- PIM S H SB GA TA FO MP PP MP PK MP
------------------------------------------------------------------------------------
Alex Ovechkin 0 0 0 0 0 1 2 0 0 1 0/1 16:05 0:11 0:00
Barrett Hayton 0 0 0 0 0 0 3 0 0 2 4/6 14:55 0:00 4:04
Brad Marchand 0 1 1 1 2 3 2 1 0 2 0/1 20:33 0:00 6:09
Brayden Point 1 2 3 0 0 3 3 0 0 0 11/25 21:01 0:11 1:13
Connor Murphy 0 1 1 1 2 2 3 1 0 0 0/0 21:27 0:11 5:37
Drake Batherson 0 0 0 0 0 2 0 1 0 0 0/0 10:41 0:00 0:00
Dylan DeMelo 0 0 0 0 0 0 1 0 0 0 0/0 5:40 0:00 0:00
Erik Cernak 0 1 1 1 6 0 3 1 0 2 0/0 24:47 0:00 3:55
Fabian Zetterlund 0 0 0 1 0 0 0 0 1 0 3/8 13:25 0:00 0:00
Ian Cole 0 0 0 -1 2 0 2 1 1 0 0/0 15:33 0:00 2:22
Isac Lundestrom 0 0 0 0 0 0 0 0 0 0 5/14 11:31 0:00 7:24
Jason Robertson 1 0 1 1 0 5 0 0 0 0 0/0 14:09 0:00 0:01
John Carlson 0 1 1 1 0 0 0 1 0 0 0/0 21:16 0:00 0:46
Jordan Kyrou 0 0 0 0 0 0 0 0 0 0 0/0 16:37 0:00 4:57
Nick Jensen 0 0 0 -1 0 0 1 0 0 0 0/0 15:28 0:00 3:46
Nikita Zaitsev 0 1 1 1 0 0 2 3 0 0 0/0 23:07 0:11 7:22
Owen Tippett 0 0 0 0 0 1 1 0 0 0 1/4 5:40 0:00 0:00
Patrick Kane 2 1 3 0 0 4 2 1 0 0 0/1 16:05 0:11 0:00
3 Stars
1 - Patrick Kane (WSH)
2 - Brayden Point (WSH)
3 - Jonathan Huberdeau (DET)
Power Play
Detroit Red Wings - 0 on 6 Attempt(s) - 0.00%
Washington Capitals - 1 on 1 Attempt(s) - 100.00%
Penalty Kill
Detroit Red Wings - 0 on 1 Attempt(s) - 0.00%
- Score 0 goal in Penalty Kill
Washington Capitals - 6 on 6 Attempt(s) - 100.00%
- Score 0 goal in Penalty Kill
Team Stat
Detroit Red Wings - Hits : 34 - Faceoff Wins : 36 - Blocked Shots : 4 - Penalty Minutes : 2
Washington Capitals - Hits : 25 - Faceoff Wins : 24 - Blocked Shots : 10 - Penalty Minutes : 12
Official
Referees : Steve Kozari and Frederick L'Ecuyer
Linesman : Derek Nansen and Mark Shewchyk
Game Notes
Semyon Varlamov enters game at 19:16 of 2nd period
Finance
Level 1 -- Attendance: 5738 (95.63%) -- Ticket Income $556,586
Level 2 -- Attendance: 5000 (100.00%) -- Ticket Income $285,000
Level 3 -- Attendance: 3000 (100.00%) -- Ticket Income $102,000
Level 4 -- Attendance: 5000 (100.00%) -- Ticket Income $115,000
Luxury Box -- Attendance: 751 (75.10%) -- Ticket Income $147,947
Game was played at the Verizon Center.
Total Attendance: 19489 (97.45%)
Total Ticket Income: $1,206,533
Other Income: $422,287
Total Income: $1,628,820
Detroit Red Wings
5 vs 5 Forward
Center Left Wing Right Wing Time % Phy DF OF
1 Auston Matthews Jonathan Huberdeau Arthur Kaliyev 40 1 2 2
2 Mika Zibanejad Jared McCann Sean Couturier 30 1 2 2
3 Brock Nelson Tyler Ennis Nick Ritchie 20 1 2 2
4 Jason Spezza Jason Zucker Daniel Sprong 10 1 2 2
5 vs 5 Defense
Defense Defense Time % Phy DF OF
1 Kris Letang MacKenzie Weegar 40 1 2 2
2 Michael Del Zotto Shayne Gostisbehere 30 1 2 2
3 Jamie Drysdale Keith Yandle 20 1 2 2
4 Kris Letang Jamie Drysdale 10 1 2 2
PowerPlay Forward
Center Left Wing Right Wing Time % Phy DF OF
1 Auston Matthews Jonathan Huberdeau Brock Nelson 50 1 2 2
2 Mika Zibanejad Jared McCann Sean Couturier 50 1 2 2
PowerPlay Defense
Defense Defense Time % Phy DF OF
1 Kris Letang MacKenzie Weegar 50 1 2 2
2 Shayne Gostisbehere Jamie Drysdale 50 1 2 2
Penalty Kill 4 Players Forward
Center Wing Time % Phy DF OF
1 Auston Matthews Brock Nelson 50 1 2 2
2 Mika Zibanejad Sean Couturier 50 1 2 2
Penalty Kill 4 Players Defense
Defense Defense Time % Phy DF OF
1 Kris Letang MacKenzie Weegar 50 1 2 2
2 Shayne Gostisbehere Michael Del Zotto 50 1 2 2
Penalty Kill - 3 Players Forward
Forward Time % Phy DF OF
1 Mika Zibanejad 50 1 2 2
2 Sean Couturier 50 1 2 2
Penalty Kill - 3 Players Defense
Defense Defense Time % Phy DF OF
1 Kris Letang MacKenzie Weegar 50 1 2 2
2 Shayne Gostisbehere Jamie Drysdale 50 1 2 2
4 vs 4 Forward
Center Wing Time % Phy DF OF
1 Auston Matthews Jonathan Huberdeau 60 1 2 2
2 Mika Zibanejad Sean Couturier 40 1 2 2
4 vs 4 Defense
Defense Defense Time % Phy DF OF
1 Kris Letang MacKenzie Weegar 60 1 2 2
2 Shayne Gostisbehere Jamie Drysdale 40 1 2 2
Last Minutes Offensive
Center Left Wing Right Wing Defense Defense
Auston Matthews Jonathan Huberdeau Mika Zibanejad Kris Letang MacKenzie Weegar
Last Minutes Defensive
Center Left Wing Right Wing Defense Defense
Auston Matthews Sean Couturier Mika Zibanejad Kris Letang MacKenzie Weegar
Goaltenders
Starting : Sergei Bobrovsky
Backup : Semyon Varlamov
Extra Forwards
Normal : Sean Couturier, Daniel Sprong, Arthur Kaliyev - PP : Jason Spezza, Nick Ritchie - PK : Jason Spezza
Extra Defensemen
Normal : Michael Del Zotto, Keith Yandle, Shayne Gostisbehere - PP : Keith Yandle - PK : Michael Del Zotto, Keith Yandle
Penalty Shots
Mika Zibanejad, Jonathan Huberdeau, Auston Matthews, Sean Couturier, Kris Letang
Washington Capitals
5 vs 5 Forward
Center Left Wing Right Wing Time % Phy DF OF
1 Brayden Point Alex Ovechkin Patrick Kane 40 1 2 2
2 Fabian Zetterlund Brad Marchand Jason Robertson 30 1 2 2
3 Barrett Hayton Jordan Kyrou Drake Batherson 20 1 2 2
4 Owen Tippett Dylan DeMelo Brayden Point 10 1 2 2
5 vs 5 Defense
Defense Defense Time % Phy DF OF
1 John Carlson Erik Cernak 40 1 2 2
2 Connor Murphy Nikita Zaitsev 30 1 2 2
3 Ian Cole Nick Jensen 20 1 2 2
4 John Carlson Erik Cernak 10 1 2 2
PowerPlay Forward
Center Left Wing Right Wing Time % Phy DF OF
1 Brayden Point Alex Ovechkin Patrick Kane 60 1 2 2
2 Barrett Hayton Brad Marchand Jason Robertson 40 1 2 2
PowerPlay Defense
Defense Defense Time % Phy DF OF
1 John Carlson Erik Cernak 60 1 2 2
2 Connor Murphy Nikita Zaitsev 40 1 2 2
Penalty Kill 4 Players Forward
Center Wing Time % Phy DF OF
1 Isac Lundestrom Brad Marchand 60 1 2 2
2 Barrett Hayton Jordan Kyrou 40 1 2 2
Penalty Kill 4 Players Defense
Defense Defense Time % Phy DF OF
1 Erik Cernak Nikita Zaitsev 60 1 2 2
2 Connor Murphy Nick Jensen 40 1 2 2
Penalty Kill - 3 Players Forward
Forward Time % Phy DF OF
1 Isac Lundestrom 60 1 2 2
2 Barrett Hayton 40 1 2 2
Penalty Kill - 3 Players Defense
Defense Defense Time % Phy DF OF
1 Erik Cernak Nikita Zaitsev 60 1 2 2
2 Connor Murphy Nick Jensen 40 1 2 2
4 vs 4 Forward
Center Wing Time % Phy DF OF
1 Brayden Point Alex Ovechkin 60 1 2 2
2 Patrick Kane Brad Marchand 40 1 2 2
4 vs 4 Defense
Defense Defense Time % Phy DF OF
1 John Carlson Erik Cernak 60 1 2 2
2 Connor Murphy Nikita Zaitsev 40 1 2 2
Last Minutes Offensive
Center Left Wing Right Wing Defense Defense
Brayden Point Alex Ovechkin Patrick Kane John Carlson Erik Cernak
Last Minutes Defensive
Center Left Wing Right Wing Defense Defense
Isac Lundestrom Barrett Hayton Brad Marchand John Carlson Erik Cernak
Goaltenders
Starting : Jake Oettinger
Backup : Vitek Vanecek
Extra Forwards
Normal : Isac Lundestrom, Drake Batherson, Jordan Kyrou - PP : Isac Lundestrom, Drake Batherson - PK : Jordan Kyrou
Extra Defensemen
Normal : Ian Cole, Erik Cernak, Connor Murphy - PP : Ian Cole - PK : Erik Cernak, Connor Murphy
Penalty Shots
Brayden Point, Alex Ovechkin, Patrick Kane, Brad Marchand, Jason Robertson
% Time on Ice - Detroit Red Wings
Lines # - Real PCT - Wanted PCT - Time Play
Normal Forward
1 - 33% - 40% - 15:56
2 - 26% - 30% - 12:39
3 - 20% - 20% - 9:40
4 - 20% - 10% - 9:40
Normal Defense
1 - 37% - 40% - 17:53
2 - 36% - 30% - 17:21
3 - 23% - 20% - 11:02
4 - 3% - 10% - 1:39
PP Forward
1 - 51% - 50% - 6:01
2 - 49% - 50% - 5:53
PP Defense
1 - 56% - 50% - 6:41
2 - 44% - 50% - 5:13
PK Forward
1 - 18% - 50% - 0:02
2 - 82% - 50% - 0:09
PK Defense
1 - 100% - 50% - 0:11
2 - 0% - 50% - 0:00
PK3 Forward
1 - 0% - 50%
2 - 0% - 50%
PK3 Defense
1 - 0% - 50%
2 - 0% - 50%
44 Forward
1 - 0% - 60%
2 - 0% - 40%
44 Defense
1 - 0% - 60%
2 - 0% - 40%
Last Minute Offensive - 0:00
Last Minute Defensive - 0:00
Total
Forward - 60:00
Defense - 60:00
|
% Time on Ice - Washington Capitals
Lines # - Real PCT - Wanted PCT - Time Play
Normal Forward
1 - 36% - 40% - 17:26
2 - 32% - 30% - 15:32
3 - 19% - 20% - 9:17
4 - 12% - 10% - 5:40
Normal Defense
1 - 42% - 40% - 20:00
2 - 31% - 30% - 15:05
3 - 22% - 20% - 10:36
4 - 5% - 10% - 2:14
PP Forward
1 - 100% - 60% - 0:11
2 - 0% - 40% - 0:00
PP Defense
1 - 0% - 60% - 0:00
2 - 100% - 40% - 0:11
PK Forward
1 - 74% - 60% - 8:51
2 - 26% - 40% - 3:03
PK Defense
1 - 64% - 60% - 7:35
2 - 36% - 40% - 4:19
PK3 Forward
1 - 0% - 60%
2 - 0% - 40%
PK3 Defense
1 - 0% - 60%
2 - 0% - 40%
44 Forward
1 - 0% - 60%
2 - 0% - 40%
44 Defense
1 - 0% - 60%
2 - 0% - 40%
Last Minute Offensive - 0:00
Last Minute Defensive - 0:00
Total
Forward - 60:00
Defense - 60:00
|
Play-by-Play
1st period
0:01 of 1st period - Brayden Point wins face-off versus Auston Matthews in neutral zone.
0:03 of 1st period - Off-side.
0:04 of 1st period - Brayden Point wins face-off versus Arthur Kaliyev in neutral zone.
0:07 of 1st period - Snap shot by Alex Ovechkin.
0:07 of 1st period - Shot Blocked by MacKenzie Weegar.
0:19 of 1st period - Snap shot by Patrick Kane.
0:19 of 1st period - Goal by Patrick Kane - Detroit Red Wings : 0 - Washington Capitals : 1.
0:20 of 1st period - Mika Zibanejad wins face-off versus Fabian Zetterlund in neutral zone.
0:35 of 1st period - Wrist shot by Jason Robertson.
0:35 of 1st period - Goal by Jason Robertson - Detroit Red Wings : 0 - Washington Capitals : 2.
0:36 of 1st period - Barrett Hayton wins face-off versus Brock Nelson in neutral zone.
0:47 of 1st period - Wrist shot by Jordan Kyrou.
0:47 of 1st period - Shot Misses the Net.
0:49 of 1st period - Slapshot by Nick Jensen.
0:49 of 1st period - Deflect By Jordan Kyrou.
0:49 of 1st period - Shot Misses the Net.
0:49 of 1st period - Puck is out of play.
0:50 of 1st period - Jason Spezza wins face-off versus Owen Tippett in Detroit Red Wings zone.
1:23 of 1st period - Nikita Zaitsev is hit by Sean Couturier and loses puck.
2:06 of 1st period - Snap shot by Brad Marchand.
2:06 of 1st period - Shot Misses the Net.
2:14 of 1st period - Brock Nelson is hit by Erik Cernak and loses puck.
2:28 of 1st period - Wrist shot by Jason Robertson.
2:28 of 1st period - Stopped by Sergei Bobrovsky without a rebound.
2:29 of 1st period - Auston Matthews wins face-off versus Brayden Point in Detroit Red Wings zone.
3:21 of 1st period - Wrist shot by Daniel Sprong.
3:21 of 1st period - Deflect By Jason Spezza.
3:21 of 1st period - Shot Misses the Net.
3:21 of 1st period - Puck is out of play.
3:22 of 1st period - Barrett Hayton wins face-off versus Auston Matthews in Washington Capitals zone.
3:33 of 1st period - Wrist shot by Auston Matthews.
3:33 of 1st period - Stopped by Jake Oettinger with a rebound.
3:37 of 1st period - Wrist shot by Auston Matthews.
3:37 of 1st period - Shot Blocked by Erik Cernak.
4:18 of 1st period - Slapshot by Nick Ritchie.
4:18 of 1st period - Deflect By Brock Nelson.
4:18 of 1st period - Stopped by Jake Oettinger without a rebound.
4:19 of 1st period - Brayden Point wins face-off versus Auston Matthews in Washington Capitals zone.
4:28 of 1st period - Slapshot by Auston Matthews.
4:28 of 1st period - Stopped by Jake Oettinger with a rebound.
4:30 of 1st period - Snap shot by Jonathan Huberdeau.
4:30 of 1st period - Shot Misses the Net.
4:44 of 1st period - Sean Couturier is hit by Brad Marchand and loses puck.
4:54 of 1st period - Off-side.
4:55 of 1st period - Auston Matthews wins face-off versus Brayden Point in neutral zone.
5:03 of 1st period - Wrist shot by Shayne Gostisbehere.
5:03 of 1st period - Stopped by Jake Oettinger without a rebound.
5:04 of 1st period - Auston Matthews wins face-off versus Brayden Point in Washington Capitals zone.
5:05 of 1st period - Wrist shot by Jonathan Huberdeau.
5:05 of 1st period - Goal by Jonathan Huberdeau - Detroit Red Wings : 1 - Washington Capitals : 2.
5:06 of 1st period - Mika Zibanejad wins face-off versus Brayden Point in neutral zone.
5:10 of 1st period - Minor Penalty to Erik Cernak for Roughing.
5:11 of 1st period - Auston Matthews wins face-off versus Isac Lundestrom in Washington Capitals zone.
5:12 of 1st period - Snap shot by Jonathan Huberdeau.
5:12 of 1st period - Shot Misses the Net.
5:14 of 1st period - Slapshot by Kris Letang.
5:14 of 1st period - Stopped by Jake Oettinger with a rebound.
5:16 of 1st period - Slapshot by Kris Letang.
5:16 of 1st period - Stopped by Jake Oettinger without a rebound.
5:17 of 1st period - Auston Matthews wins face-off versus Isac Lundestrom in Washington Capitals zone.
5:24 of 1st period - Slapshot by Auston Matthews.
5:24 of 1st period - Stopped by Jake Oettinger without a rebound.
5:25 of 1st period - Isac Lundestrom wins face-off versus Mika Zibanejad in Washington Capitals zone.
5:25 of 1st period - Isac Lundestrom is hit by Shayne Gostisbehere.
6:18 of 1st period - Ian Cole is hit by Brock Nelson and loses puck.
6:30 of 1st period - Icing by Kris Letang.
6:31 of 1st period - Mika Zibanejad wins face-off versus Brad Marchand in Detroit Red Wings zone.
6:50 of 1st period - Jonathan Huberdeau is hit by Barrett Hayton and loses puck.
7:07 of 1st period - Brad Marchand is hit by Mika Zibanejad and loses puck.
7:10 of 1st period - Penalty to Erik Cernak is over, Erik Cernak is back on ice.
7:32 of 1st period - Snap shot by Brad Marchand.
7:32 of 1st period - Stopped by Sergei Bobrovsky without a rebound.
7:33 of 1st period - Brock Nelson wins face-off versus Patrick Kane in Detroit Red Wings zone.
7:38 of 1st period - Slapshot by Kris Letang.
7:38 of 1st period - Shot Misses the Net.
7:48 of 1st period - Slapshot by Kris Letang.
7:48 of 1st period - Deflect By Brock Nelson.
7:48 of 1st period - Shot Misses the Net.
7:48 of 1st period - Puck is out of play.
7:49 of 1st period - Auston Matthews wins face-off versus Brayden Point in Washington Capitals zone.
8:02 of 1st period - Snap shot by Auston Matthews.
8:02 of 1st period - Deflect By Jonathan Huberdeau.
8:02 of 1st period - Shot Misses the Net.
8:02 of 1st period - Puck is out of play.
8:03 of 1st period - Auston Matthews wins face-off versus Fabian Zetterlund in Washington Capitals zone.
8:28 of 1st period - Nikita Zaitsev is hit by MacKenzie Weegar and loses puck.
9:18 of 1st period - Wrist shot by Jason Robertson.
9:18 of 1st period - Stopped by Sergei Bobrovsky without a rebound.
9:19 of 1st period - Auston Matthews wins face-off versus Fabian Zetterlund in Detroit Red Wings zone.
9:35 of 1st period - John Carlson is hit by Jamie Drysdale.
9:54 of 1st period - Snap shot by Sean Couturier.
9:54 of 1st period - Stopped by Jake Oettinger with a rebound.
9:56 of 1st period - Minor Penalty to Erik Cernak for Hooking.
9:57 of 1st period - Isac Lundestrom wins face-off versus Jared McCann in Washington Capitals zone.
10:54 of 1st period - Snap shot by Jonathan Huberdeau.
10:54 of 1st period - Stopped by Jake Oettinger with a rebound.
10:56 of 1st period - Snap shot by Brock Nelson.
10:56 of 1st period - Deflect By Jonathan Huberdeau.
10:56 of 1st period - Shot Misses the Net.
10:56 of 1st period - Puck is out of play.
10:57 of 1st period - Brock Nelson wins face-off versus Isac Lundestrom in Washington Capitals zone.
11:02 of 1st period - Slapshot by Auston Matthews.
11:02 of 1st period - Stopped by Jake Oettinger with a rebound.
11:04 of 1st period - Snap shot by Jonathan Huberdeau.
11:04 of 1st period - Stopped by Jake Oettinger without a rebound.
11:05 of 1st period - Isac Lundestrom wins face-off versus Auston Matthews in Washington Capitals zone.
11:56 of 1st period - Penalty to Erik Cernak is over, Erik Cernak is back on ice.
12:55 of 1st period - Snap shot by Barrett Hayton.
12:55 of 1st period - Shot Misses the Net.
13:05 of 1st period - Snap shot by Auston Matthews.
13:05 of 1st period - Deflect By Jonathan Huberdeau.
13:05 of 1st period - Shot Blocked by Nikita Zaitsev.
13:05 of 1st period - Puck is out of play.
13:06 of 1st period - Brayden Point wins face-off versus Mika Zibanejad in Washington Capitals zone.
13:06 of 1st period - Brayden Point is hit by Jared McCann.
13:33 of 1st period - Jason Spezza is hit by Connor Murphy and loses puck.
13:56 of 1st period - Wrist shot by Brayden Point.
13:56 of 1st period - Shot Misses the Net.
13:58 of 1st period - Slapshot by Brayden Point.
13:58 of 1st period - Shot Blocked by Kris Letang.
14:40 of 1st period - Nick Ritchie is hit by Erik Cernak and loses puck.
15:45 of 1st period - Shayne Gostisbehere is hit by Dylan DeMelo and loses puck.
15:58 of 1st period - Daniel Sprong is hit by Brad Marchand and loses puck.
16:46 of 1st period - Auston Matthews is hit by Brayden Point and loses puck.
16:57 of 1st period - Tyler Ennis is hit by Connor Murphy and loses puck.
17:08 of 1st period - Isac Lundestrom is hit by Michael Del Zotto.
17:17 of 1st period - MacKenzie Weegar is hit by Alex Ovechkin.
17:29 of 1st period - Ian Cole is hit by Jared McCann and loses puck.
17:46 of 1st period - Jared McCann is hit by Owen Tippett and loses puck.
19:15 of 1st period - Wrist shot by Alex Ovechkin.
19:15 of 1st period - Stopped by Sergei Bobrovsky with a rebound.
19:26 of 1st period - Off-side.
19:27 of 1st period - Mika Zibanejad wins face-off versus Barrett Hayton in neutral zone.
19:40 of 1st period - Wrist shot by Sean Couturier.
19:40 of 1st period - Shot Misses the Net.
19:42 of 1st period - Slapshot by Jared McCann.
19:42 of 1st period - Shot Blocked by Drake Batherson.
Goals for this period are 1 for Detroit Red Wings vs 2 for Washington Capitals.
Shots for this period are 12 for Detroit Red Wings vs 6 for Washington Capitals.
2nd period
0:01 of 2nd period - Auston Matthews wins face-off versus Brayden Point in neutral zone.
0:05 of 2nd period - Off-side.
0:06 of 2nd period - Auston Matthews wins face-off versus Brayden Point in neutral zone.
0:31 of 2nd period - Slapshot by John Carlson.
0:31 of 2nd period - Shot Misses the Net.
0:33 of 2nd period - Snap shot by Barrett Hayton.
0:33 of 2nd period - Deflect By Drake Batherson.
0:33 of 2nd period - Stopped by Sergei Bobrovsky with a rebound.
1:01 of 2nd period - Snap shot by Brock Nelson.
1:01 of 2nd period - Stopped by Jake Oettinger without a rebound.
1:02 of 2nd period - Auston Matthews wins face-off versus Alex Ovechkin in Washington Capitals zone.
1:05 of 2nd period - Wrist shot by Jonathan Huberdeau.
1:05 of 2nd period - Stopped by Jake Oettinger with a rebound.
1:07 of 2nd period - Backhand shot by Keith Yandle.
1:07 of 2nd period - Shot Misses the Net.
1:27 of 2nd period - Mika Zibanejad is hit by Connor Murphy and loses puck.
1:38 of 2nd period - Snap shot by Jason Robertson.
1:38 of 2nd period - Deflect By Brad Marchand.
1:38 of 2nd period - Stopped by Sergei Bobrovsky with a rebound.
1:54 of 2nd period - Slapshot by Drake Batherson.
1:54 of 2nd period - Shot Misses the Net.
2:16 of 2nd period - Wrist shot by Jonathan Huberdeau.
2:16 of 2nd period - Stopped by Jake Oettinger without a rebound.
2:17 of 2nd period - Jonathan Huberdeau wins face-off versus Brayden Point in Washington Capitals zone.
2:48 of 2nd period - Snap shot by Jonathan Huberdeau.
2:48 of 2nd period - Shot Misses the Net.
2:50 of 2nd period - Snap shot by Jonathan Huberdeau.
2:50 of 2nd period - Goal by Jonathan Huberdeau - Detroit Red Wings : 2 - Washington Capitals : 2.
2:51 of 2nd period - Mika Zibanejad wins face-off versus Brayden Point in neutral zone.
2:51 of 2nd period - Mika Zibanejad is hit by Brayden Point.
2:57 of 2nd period - Wrist shot by Mika Zibanejad.
2:57 of 2nd period - Stopped by Jake Oettinger without a rebound.
2:58 of 2nd period - Brayden Point wins face-off versus Mika Zibanejad in Washington Capitals zone.
3:00 of 2nd period - Minor Penalty to Erik Cernak for Hooking.
3:01 of 2nd period - Isac Lundestrom wins face-off versus Mika Zibanejad in Washington Capitals zone.
3:17 of 2nd period - Slapshot by Mika Zibanejad.
3:17 of 2nd period - Deflect By Sean Couturier.
3:17 of 2nd period - Stopped by Jake Oettinger without a rebound.
3:18 of 2nd period - Auston Matthews wins face-off versus Isac Lundestrom in Washington Capitals zone.
3:21 of 2nd period - Wrist shot by Auston Matthews.
3:21 of 2nd period - Stopped by Jake Oettinger with a rebound.
3:23 of 2nd period - Snap shot by Auston Matthews.
3:23 of 2nd period - Stopped by Jake Oettinger with a rebound.
3:45 of 2nd period - Mika Zibanejad is hit by Nikita Zaitsev and loses puck.
3:54 of 2nd period - Snap shot by Mika Zibanejad.
3:54 of 2nd period - Shot Misses the Net.
5:00 of 2nd period - Penalty to Erik Cernak is over, Erik Cernak is back on ice.
5:08 of 2nd period - Connor Murphy is hit by Jared McCann and loses puck.
5:34 of 2nd period - Off-side.
5:35 of 2nd period - Barrett Hayton wins face-off versus Brock Nelson in neutral zone.
5:55 of 2nd period - John Carlson is hit by Arthur Kaliyev and loses puck.
6:06 of 2nd period - Slapshot by Auston Matthews.
6:06 of 2nd period - Shot Blocked by John Carlson.
6:51 of 2nd period - Keith Yandle is hit by Barrett Hayton and loses puck.
7:16 of 2nd period - Snap shot by Auston Matthews.
7:16 of 2nd period - Shot Blocked by Ian Cole.
8:10 of 2nd period - Barrett Hayton is hit by Jared McCann and loses puck.
8:25 of 2nd period - Snap shot by Patrick Kane.
8:25 of 2nd period - Shot Misses the Net.
8:44 of 2nd period - Slapshot by Brock Nelson.
8:44 of 2nd period - Stopped by Jake Oettinger with a rebound.
8:46 of 2nd period - Slapshot by Tyler Ennis.
8:46 of 2nd period - Shot Misses the Net.
8:48 of 2nd period - Snap shot by Brock Nelson.
8:48 of 2nd period - Shot Misses the Net.
9:00 of 2nd period - Icing by Jason Zucker.
9:01 of 2nd period - Isac Lundestrom wins face-off versus Jason Spezza in Detroit Red Wings zone.
9:04 of 2nd period - Snap shot by Patrick Kane.
9:04 of 2nd period - Stopped by Sergei Bobrovsky without a rebound.
9:05 of 2nd period - Auston Matthews wins face-off versus Brayden Point in Detroit Red Wings zone.
9:11 of 2nd period - Minor Penalty to Connor Murphy for Hooking.
9:12 of 2nd period - Jared McCann wins face-off versus Isac Lundestrom in Washington Capitals zone.
9:46 of 2nd period - Slapshot by Auston Matthews.
9:46 of 2nd period - Stopped by Jake Oettinger with a rebound.
9:48 of 2nd period - Slapshot by Kris Letang.
9:48 of 2nd period - Stopped by Jake Oettinger without a rebound.
9:49 of 2nd period - Auston Matthews wins face-off versus Isac Lundestrom in Washington Capitals zone.
10:08 of 2nd period - Brad Marchand is hit by Jonathan Huberdeau and loses puck.
10:27 of 2nd period - Snap shot by Jordan Kyrou.
10:27 of 2nd period - Shot Misses the Net.
11:07 of 2nd period - Isac Lundestrom is hit by Jared McCann.
11:11 of 2nd period - Penalty to Connor Murphy is over, Connor Murphy is back on ice.
11:25 of 2nd period - Slapshot by Patrick Kane.
11:25 of 2nd period - Shot Misses the Net.
11:48 of 2nd period - Jordan Kyrou is hit by Kris Letang and loses puck.
11:59 of 2nd period - Ian Cole is hit by Nick Ritchie and loses puck.
12:26 of 2nd period - Fabian Zetterlund is hit by Mika Zibanejad and loses puck.
12:43 of 2nd period - Patrick Kane is hit by Arthur Kaliyev and loses puck.
12:56 of 2nd period - Snap shot by Alex Ovechkin.
12:56 of 2nd period - Shot Misses the Net.
13:38 of 2nd period - Jason Robertson is hit by Mika Zibanejad and loses puck.
14:03 of 2nd period - Slapshot by Shayne Gostisbehere.
14:03 of 2nd period - Stopped by Jake Oettinger without a rebound.
14:04 of 2nd period - Mika Zibanejad wins face-off versus Owen Tippett in Washington Capitals zone.
14:05 of 2nd period - Wrist shot by Sean Couturier.
14:05 of 2nd period - Stopped by Jake Oettinger without a rebound.
14:06 of 2nd period - Mika Zibanejad wins face-off versus Owen Tippett in Washington Capitals zone.
14:07 of 2nd period - Snap shot by Jared McCann.
14:07 of 2nd period - Shot Misses the Net.
14:15 of 2nd period - Wrist shot by Brayden Point.
14:15 of 2nd period - Stopped by Sergei Bobrovsky with a rebound.
14:31 of 2nd period - Fabian Zetterlund is hit by Jonathan Huberdeau and loses puck.
14:42 of 2nd period - Wrist shot by Auston Matthews.
14:42 of 2nd period - Stopped by Jake Oettinger without a rebound.
14:43 of 2nd period - Brayden Point wins face-off versus Mika Zibanejad in Washington Capitals zone.
14:52 of 2nd period - Wrist shot by Patrick Kane.
14:52 of 2nd period - Shot Blocked by Kris Letang.
14:54 of 2nd period - Snap shot by Patrick Kane.
14:54 of 2nd period - Goal by Patrick Kane - Detroit Red Wings : 2 - Washington Capitals : 3.
14:55 of 2nd period - Brayden Point wins face-off versus Auston Matthews in neutral zone.
15:00 of 2nd period - Slapshot by John Carlson.
15:00 of 2nd period - Shot Misses the Net.
15:22 of 2nd period - Brad Marchand is hit by Nick Ritchie and loses puck.
15:27 of 2nd period - Snap shot by Brock Nelson.
15:27 of 2nd period - Stopped by Jake Oettinger without a rebound.
15:28 of 2nd period - Fabian Zetterlund wins face-off versus Brock Nelson in Washington Capitals zone.
15:28 of 2nd period - Fabian Zetterlund is hit by Brock Nelson.
15:36 of 2nd period - Snap shot by Fabian Zetterlund.
15:36 of 2nd period - Shot Misses the Net.
15:49 of 2nd period - Snap shot by Brock Nelson.
15:49 of 2nd period - Shot Blocked by Connor Murphy.
15:51 of 2nd period - Slapshot by Shayne Gostisbehere.
15:51 of 2nd period - Shot Blocked by Patrick Kane.
15:53 of 2nd period - Snap shot by Nick Ritchie.
15:53 of 2nd period - Shot Misses the Net.
15:55 of 2nd period - Wrist shot by Tyler Ennis.
15:55 of 2nd period - Stopped by Jake Oettinger without a rebound.
15:56 of 2nd period - Auston Matthews wins face-off versus Brayden Point in Washington Capitals zone.
17:00 of 2nd period - Slapshot by Brayden Point.
17:00 of 2nd period - Stopped by Sergei Bobrovsky with a rebound.
17:02 of 2nd period - Slapshot by Connor Murphy.
17:02 of 2nd period - Stopped by Sergei Bobrovsky without a rebound.
17:03 of 2nd period - Fabian Zetterlund wins face-off versus Auston Matthews in Detroit Red Wings zone.
17:30 of 2nd period - Sean Couturier is hit by Barrett Hayton and loses puck.
17:58 of 2nd period - Erik Cernak is hit by Nick Ritchie and loses puck.
18:13 of 2nd period - Slapshot by Owen Tippett.
18:13 of 2nd period - Stopped by Sergei Bobrovsky with a rebound.
18:19 of 2nd period - John Carlson is hit by Jonathan Huberdeau and loses puck.
18:34 of 2nd period - Slapshot by Kris Letang.
18:34 of 2nd period - Stopped by Jake Oettinger with a rebound.
18:36 of 2nd period - Snap shot by Jason Spezza.
18:36 of 2nd period - Deflect By Jason Zucker.
18:36 of 2nd period - Stopped by Jake Oettinger with a rebound.
18:50 of 2nd period - Slapshot by Connor Murphy.
18:50 of 2nd period - Deflect By Jared McCann.
18:50 of 2nd period - Stopped by Sergei Bobrovsky without a rebound.
18:51 of 2nd period - Owen Tippett wins face-off versus Mika Zibanejad in Detroit Red Wings zone.
19:05 of 2nd period - Minor Penalty to Sean Couturier for Tripping.
19:06 of 2nd period - Auston Matthews wins face-off versus Brayden Point in Detroit Red Wings zone.
19:14 of 2nd period - Wrist shot by Patrick Kane.
19:14 of 2nd period - Shot Misses the Net.
19:16 of 2nd period - Slapshot by Brayden Point.
19:16 of 2nd period - Goal by Brayden Point - Detroit Red Wings : 2 - Washington Capitals : 4.
19:16 of 2nd period - Semyon Varlamov enters game.
19:17 of 2nd period - Brayden Point wins face-off versus Auston Matthews in neutral zone.
19:24 of 2nd period - Auston Matthews is hit by Brayden Point.
19:50 of 2nd period - Snap shot by Mika Zibanejad.
19:50 of 2nd period - Stopped by Jake Oettinger with a rebound.
Goals for this period are 1 for Detroit Red Wings vs 2 for Washington Capitals.
Shots for this period are 19 for Detroit Red Wings vs 10 for Washington Capitals.
3rd period
0:01 of 3rd period - Brayden Point wins face-off versus Auston Matthews in neutral zone.
0:12 of 3rd period - Erik Cernak is hit by MacKenzie Weegar and loses puck.
0:30 of 3rd period - Fabian Zetterlund is hit by Mika Zibanejad and loses puck.
1:40 of 3rd period - Snap shot by Jared McCann.
1:40 of 3rd period - Stopped by Jake Oettinger with a rebound.
1:48 of 3rd period - Jared McCann is hit by Alex Ovechkin and loses puck.
2:10 of 3rd period - Kris Letang is hit by Erik Cernak and loses puck.
2:43 of 3rd period - Slapshot by Jason Zucker.
2:43 of 3rd period - Stopped by Jake Oettinger with a rebound.
2:45 of 3rd period - Slapshot by Keith Yandle.
2:45 of 3rd period - Shot Blocked by Nikita Zaitsev.
2:47 of 3rd period - Slapshot by Keith Yandle.
2:47 of 3rd period - Stopped by Jake Oettinger with a rebound.
2:49 of 3rd period - Wrist shot by Daniel Sprong.
2:49 of 3rd period - Stopped by Jake Oettinger without a rebound.
2:50 of 3rd period - Jason Spezza wins face-off versus Fabian Zetterlund in Washington Capitals zone.
2:55 of 3rd period - Slapshot by Daniel Sprong.
2:55 of 3rd period - Shot Blocked by Brad Marchand.
3:15 of 3rd period - Jason Spezza is hit by Ian Cole and loses puck.
3:22 of 3rd period - Slapshot by Drake Batherson.
3:22 of 3rd period - Stopped by Semyon Varlamov without a rebound.
3:23 of 3rd period - Brayden Point wins face-off versus Auston Matthews in Detroit Red Wings zone.
3:26 of 3rd period - Snap shot by Patrick Kane.
3:26 of 3rd period - Stopped by Semyon Varlamov without a rebound.
3:27 of 3rd period - Auston Matthews wins face-off versus Brayden Point in Detroit Red Wings zone.
4:05 of 3rd period - Wrist shot by Jason Robertson.
4:05 of 3rd period - Shot Misses the Net.
4:42 of 3rd period - Kris Letang is hit by Nikita Zaitsev.
4:58 of 3rd period - Snap shot by Jason Robertson.
4:58 of 3rd period - Stopped by Semyon Varlamov without a rebound.
4:59 of 3rd period - Mika Zibanejad wins face-off versus Fabian Zetterlund in Detroit Red Wings zone.
5:19 of 3rd period - Snap shot by Brad Marchand.
5:19 of 3rd period - Stopped by Semyon Varlamov without a rebound.
5:20 of 3rd period - Auston Matthews wins face-off versus Brayden Point in Detroit Red Wings zone.
5:29 of 3rd period - Wrist shot by Auston Matthews.
5:29 of 3rd period - Stopped by Jake Oettinger without a rebound.
5:30 of 3rd period - Brayden Point wins face-off versus Auston Matthews in Washington Capitals zone.
5:58 of 3rd period - Slapshot by Auston Matthews.
5:58 of 3rd period - Shot Misses the Net.
6:14 of 3rd period - Jonathan Huberdeau is hit by Patrick Kane and loses puck.
6:41 of 3rd period - Slapshot by Brayden Point.
6:41 of 3rd period - Deflect By Auston Matthews.
6:41 of 3rd period - Shot Blocked by Arthur Kaliyev.
6:41 of 3rd period - Puck is out of play.
6:42 of 3rd period - Fabian Zetterlund wins face-off versus Mika Zibanejad in Detroit Red Wings zone.
6:43 of 3rd period - Wrist shot by Brad Marchand.
6:43 of 3rd period - Shot Misses the Net.
7:05 of 3rd period - Minor Penalty to Brad Marchand for Roughing.
7:06 of 3rd period - Mika Zibanejad wins face-off versus Isac Lundestrom in Washington Capitals zone.
7:17 of 3rd period - Slapshot by Jared McCann.
7:17 of 3rd period - Shot Misses the Net.
7:19 of 3rd period - Slapshot by MacKenzie Weegar.
7:19 of 3rd period - Shot Blocked by Nikita Zaitsev.
7:21 of 3rd period - Slapshot by Kris Letang.
7:21 of 3rd period - Shot Misses the Net.
7:23 of 3rd period - Slapshot by Sean Couturier.
7:23 of 3rd period - Deflect By Mika Zibanejad.
7:23 of 3rd period - Stopped by Jake Oettinger without a rebound.
7:24 of 3rd period - Auston Matthews wins face-off versus Isac Lundestrom in Washington Capitals zone.
7:59 of 3rd period - Wrist shot by Mika Zibanejad.
7:59 of 3rd period - Stopped by Jake Oettinger with a rebound.
8:48 of 3rd period - Barrett Hayton is hit by Sean Couturier and loses puck.
9:05 of 3rd period - Penalty to Brad Marchand is over, Brad Marchand is back on ice.
9:15 of 3rd period - Wrist shot by Brad Marchand.
9:15 of 3rd period - Deflect By Jason Robertson.
9:15 of 3rd period - Stopped by Semyon Varlamov with a rebound.
9:21 of 3rd period - Jason Robertson is hit by Jamie Drysdale.
9:33 of 3rd period - Off-side.
9:34 of 3rd period - Barrett Hayton wins face-off versus Auston Matthews in neutral zone.
11:19 of 3rd period - Minor Penalty to Ian Cole for Holding.
11:20 of 3rd period - Auston Matthews wins face-off versus Isac Lundestrom in Washington Capitals zone.
11:54 of 3rd period - Slapshot by Kris Letang.
11:54 of 3rd period - Stopped by Jake Oettinger without a rebound.
11:55 of 3rd period - Auston Matthews wins face-off versus Barrett Hayton in Washington Capitals zone.
12:00 of 3rd period - Snap shot by Jonathan Huberdeau.
12:00 of 3rd period - Stopped by Jake Oettinger with a rebound.
12:22 of 3rd period - Brad Marchand is hit by Jared McCann and loses puck.
12:49 of 3rd period - Brad Marchand is hit by Kris Letang and loses puck.
13:19 of 3rd period - Penalty to Ian Cole is over, Ian Cole is back on ice.
13:50 of 3rd period - Wrist shot by Tyler Ennis.
13:50 of 3rd period - Shot Misses the Net.
14:15 of 3rd period - Drake Batherson is hit by Daniel Sprong and loses puck.
14:58 of 3rd period - Patrick Kane is hit by Auston Matthews and loses puck.
15:05 of 3rd period - Keith Yandle is hit by Ian Cole and loses puck.
16:10 of 3rd period - Jordan Kyrou is hit by Daniel Sprong and loses puck.
16:25 of 3rd period - Michael Del Zotto is hit by Nick Jensen and loses puck.
16:32 of 3rd period - Nick Jensen is hit by Auston Matthews and loses puck.
17:36 of 3rd period - Sean Couturier is hit by Patrick Kane and loses puck.
Goals for this period are 0 for Detroit Red Wings vs 0 for Washington Capitals.
Shots for this period are 9 for Detroit Red Wings vs 5 for Washington Capitals.
Back to the Top